 Dungeon Crawl Stone Soup version 0.24-a0-217-g1152973 (webtiles) character file.

Game seed: 16837026228072984970

5122 Azzok the Grappler (level 10, 0/87 (88) HPs)
             Began as a Troll Fighter on Mar 29, 2019.
             Was a Believer of Okawaru.
             Slain by a gnoll
             ... wielding a +0 halberd
              (17 damage)
             ... on level 9 of the Dungeon.
             The game lasted 00:12:41 (6140 turns).

Azzok the Grappler (Troll Fighter)                  Turns: 6140, Time: 00:12:41

HP:   0/87 (88)     AC:  6    Str: 32    XL:     10   Next: 32%
MP:   12/12         EV:  8    Int:  4    God:    Okawaru [**....]
Gold: 432           SH: 13    Dex:  9    Spells: 9/9 levels left

rFire    . . .     SeeInvis .     - Unarmed
rCold    . . .     Gourm    +   y - +2 shield
rNeg     . . .     Faith    .   a - +0 robe
rPois    .         Spirit   .   (helmet restricted)
rElec    .         Reflect  .   (no cloak)
rCorr    .         Harm     .   (gloves unavailable)
MR       .....                  (boots unavailable)
Stlth    +.........             (no amulet)
HPRegen  0.64/turn              G - +2 ring of slaying
MPRegen  0.13/turn              A - +3 ring of strength

@: lethally poisoned (0 -> -2), marked, heavily drained
A: large, unfitting armour, claws 3, fast metabolism 3, gourmand, regeneration
1, shaggy fur 1, tough skin 3
a: Heroism, Renounce Religion


You were on level 9 of the Dungeon.
You worshipped Okawaru.
Okawaru was pleased with you.
You were not hungry.

You visited 2 branches of the dungeon, and saw 10 of its levels.
You also visited: Ossuary.

You collected 432 gold pieces.

Inventory:

Hand Weapons
 q - a +2 flail of protection
 x - a +5 spear of piercing
Missiles
 v - a throwing net (quivered)
Armour
 a - a +0 robe (worn)
 u - a +0 large shield
 y - a +2 shield (worn)
Jewellery
 g - an uncursed ring of stealth
 z - an uncursed ring of protection from cold
 A - a +3 ring of strength (right claw)
 G - a +2 ring of slaying (left claw)
Wands
 j - a wand of digging (5)
 F - a wand of flame (19)
Scrolls
 b - a scroll of brand weapon {unknown}
 f - a scroll of random uselessness {unknown}
 h - 4 scrolls of magic mapping {unknown}
 i - 5 scrolls of teleportation
 k - 2 scrolls of enchant armour
 n - 4 scrolls of amnesia
 p - 2 scrolls of enchant weapon
 s - 2 scrolls of fog {unknown}
 D - 2 scrolls of identify
Potions
 c - 3 potions of might
 e - 5 potions of brilliance
 l - 5 potions of flight
 m - 2 potions of invisibility
 o - 3 potions of haste {unknown}
 r - 3 potions of curing {unknown}
 t - a potion of ambrosia {unknown}
 w - a potion of heal wounds {unknown}
 B - a potion of agility {unknown}
 C - 3 potions of lignification {unknown}
Comestibles
 d - 12 rations


   Skills:
 - Level 2.4(0.5) Fighting
 - Level 2.4(0.5) Dodging
 + Level 9.1(6.8) Shields
 + Level 10.5(8.1) Unarmed Combat
 + Level 4.0(2.0) Invocations


You had 9 spell levels left.
You didn't know any spells.
Your spell library contained the following spells:

 Spells                   Type           Power        Failure   Level  Hunger
 Animate Skeleton         Necr           N/A          65%         1    ##.....
 Pain                     Necr           #...         65%         1    ##.....
 Regeneration             Chrm/Necr      #.........   95%         3    ####...
 Vampiric Draining        Necr           #.........   95%         3    ####...
 Animate Dead             Necr           N/A          100%        4    #####..


Dungeon Overview and Level Annotations

Branches:
Dungeon (9/15)             Temple (1/1) D:7
   Lair: D:8-11         Orc: D:9-12

Altars:
Ashenzari
Cheibriados
Dithmenos
Elyvilon
Fedhas
Gozag
Hepliaklqana
Kikubaaqudgha
Makhleb
Okawaru
Qazlal
Ru
Sif Muna
Trog
Uskayaw
Wu Jian
Xom
Yredelemnul
Zin
The Shining One
Lugonu

Shops:
D:8 *

Annotations:
D:7 1 transporter


Innate Abilities, Weirdness & Mutations

You are too large for most types of armour.
You have claws for hands.
Your metabolism is lightning-fast.
You like to eat raw meat.
Your natural rate of healing is unusually fast.
You are covered in fur. (AC +1)
You have extremely tough skin. (AC +3)


Message History

* * * LOW HITPOINT WARNING * * *
The gnoll hits you from afar with a +0 halberd.
* * * LOW HITPOINT WARNING * * *
The gnoll hits you but does no damage.
You rip the net and break free!
You feel sick. The gnoll hits you with a +0 whip.
* * * LOW HITPOINT WARNING * * *
You block the gnoll's attack. x2
You feel sick.
You feel sick.
You feel sick.
The gnoll pulls the alarm!
The alarm trap emits a blaring wail!
A sentinel's mark forms upon you.
You hear two shouts!
You hear an angry hiss.
You hear a shout!
You hear a screech!
You feel sick.
There is a stone staircase leading up here.
You feel sick. You block the gnoll's attack. x2
The gnoll hits you from afar with a +0 halberd!
You die...

·······▒▒·······▒
········▒·······▒
··················▒
·················▒
·················▒▒ ·▒▒
········r·········▒···▒
·······▒·····g········▒
··g·g·· ▒····gg@···▒
·······▒▒···g·····▒▒
········)▒···▒▒····▒
····▒···▒▒▒··▒▒▒··▒▒ ▒
▒▒▒▒▒ ▒▒▒▒ ▒·▒ ▒▒


You could see 4 gnolls and a quokka.

Vanquished Creatures
  A two-headed ogre (D:8)
  A kobold demonologist (D:7)
  2 hippogriffs (D:7)
  Prince Ribbit (D:5)
  A hungry ghost (D:9)
  Edmund (D:5)
  A water moccasin (D:8)
  2 sky beasts
  An ice beast (D:7)
  2 necrophages (D:9)
  4 ogres
  2 orc warriors (D:8)
  3 phantoms
  A centaur (D:6)
  A bullfrog (D:8)
  2 gnoll sergeants
  6 water moccasin zombies (Ossuary)
  3 scorpions
  3 wights
  2 howler monkeys
  3 crimson imps
  A jelly (D:7)
  5 hounds
  3 orc wizards
  2 bullfrog skeletons
  4 orc priests
  2 centaur skeletons
  Jessica (D:2)
  An iguana (D:7)
  2 worker ants (D:4)
  A big kobold zombie (Ossuary)
  2 mummies (Ossuary)
  A hound skeleton (D:4)
  4 gnolls (D:6)
  10 adders
  A howler monkey skeleton (D:8)
  A shadow imp (D:6)
  2 oozes
  3 adder skeletons
  6 adder zombies
  4 worms
  5 dart slugs
  8 leopard geckos
  25 orcs
  8 giant cockroaches
  3 gnoll zombies (Ossuary)
  8 goblins
  3 hobgoblins
  12 jackals
  16 kobolds
  2 quokkas
  A ball python (D:4)
  9 bats
  5 frilled lizards
  10 hobgoblin zombies (Ossuary)
  2 jackal skeletons (D:6)
  A kobold zombie (Ossuary)
  4 orc zombies (Ossuary)
  6 rats
227 creatures vanquished.

Notes
Turn   | Place    | Note
-------+----------+-------------------------------------------
     0 | D:1      | Azzok the Troll Fighter began the quest for the Orb.
     0 | D:1      | Reached XP level 1. HP: 22/22 MP: 0/0
    81 | D:1      | Reached XP level 2. HP: 29/29 MP: 1/1
   332 | D:1      | Reached XP level 3. HP: 36/36 MP: 2/2
   434 | D:1      | Reached skill level 3 in Unarmed Combat
   717 | D:2      | Noticed Jessica
   728 | D:2      | Killed Jessica
   728 | D:2      | Reached XP level 4. HP: 34/44 MP: 3/3
   953 | D:2      | Found a burning altar of Makhleb.
  1128 | D:2      | Found a basalt altar of Yredelemnul.
  1425 | D:3      | Reached XP level 5. HP: 50/50 MP: 4/4
  1432 | D:3      | Reached skill level 4 in Unarmed Combat
  1459 | D:3      | Found a stormy altar of Qazlal.
  1956 | D:4      | Noticed a phantom
  2037 | D:4      | Noticed an ogre
  2105 | D:4      | Reached XP level 6. HP: 47/59 MP: 5/5
  2115 | D:4      | Reached skill level 5 in Unarmed Combat
  2212 | D:4      | Reached skill level 5 in Shields
  2218 | D:4      | Reached XP level 7. HP: 64/66 MP: 6/6
  2314 | D:4      | Reached skill level 6 in Unarmed Combat
  2710 | D:5      | Entered Level 5 of the Dungeon
  2781 | D:5      | Noticed Prince Ribbit
  2808 | D:5      | Killed Prince Ribbit
  2808 | D:5      | Reached XP level 8. HP: 62/74 MP: 7/7
  2849 | D:5      | Noticed Edmund
  2858 | D:5      | Killed Edmund
  2858 | D:5      | Reached skill level 7 in Unarmed Combat
  2901 | D:5      | Found a white marble altar of Elyvilon.
  3314 | D:5      | Found a shadowy altar of Dithmenos.
  3541 | D:6      | Reached skill level 8 in Unarmed Combat
  3573 | D:6      | Found a blossoming altar of Fedhas.
  3575 | D:6      | Found an ancient bone altar of Kikubaaqudgha.
  3920 | D:6      | Found a glowing golden altar of the Shining One.
  4089 | D:7      | Noticed a kobold demonologist
  4095 | D:7      | Killed a kobold demonologist
  4095 | D:7      | Reached XP level 9. HP: 79/80 MP: 8/8
  4149 | D:7      | Found a sand-covered staircase.
  4166 | Ossuary  | Entered an ossuary
  4195 | Ossuary  | Reached skill level 9 in Unarmed Combat
  4437 | D:7      | Found a hide-covered altar of Uskayaw.
  4568 | D:7      | Found an ornate altar of the Wu Jian Council.
  4681 | D:7      | Found a staircase to the Ecumenical Temple.
  4718 | Temple   | Entered the Ecumenical Temple
  4732 | Temple   | Became a worshipper of Warmaster Okawaru
  4822 | D:7      | Found a transporter.
  4870 | D:7      | Reached skill level 1 in Invocations
  4902 | D:7      | Found a deep blue altar of Sif Muna.
  5033 | D:7      | Found a sacrificial altar of Ru.
  5460 | D:8      | Reached skill level 10 in Unarmed Combat
  5483 | D:8      | Found an opulent altar of Gozag.
  5484 | D:8      | Found Gozag's Platinum Reserve.
  5553 | D:8      | Reached * piety under Okawaru
  5553 | D:8      | Reached XP level 10. HP: 88/88 MP: 11/11
  5857 | D:9      | Noticed a two-headed ogre
  5873 | D:8      | Killed a two-headed ogre
  6130 | D:9      | Reached ** piety under Okawaru
  6140 | D:9      | Slain by a gnoll

Levels and vault maps discovered:
D:1:      dpeg_arrival_simpleton_a, layout_basic
D:2:      layout_basic, overflow_temple_1_default, lemuel_doored_altar,
          wander_ebering_terrifying_dragon_lair, uniq_jessica
D:3:      layout_basic, marbit_many_paths, minmay_misc_feat_doors
D:4:      layout_cave_pools, first_ration
D:5:      layout_loops_cross, nicolae_overflow_crystal_walls,
          grunt_dithmenos_shadows, uniq_edmund, uniq_prince_ribbit1
D:6:      layout_rooms, grunt_temple_overflow_growth_and_decay, tso_altar
D:7:      gammafunk_beogh_shrine, layout_loops_ring, kennysheep_mini_moat,
          kennysheep_mini, old_standard_altar, lemuel_coloured_pillars_altar,
          minmay_temple_entry_junction, nicolae_ossuary_entry_monument
D:8:      layout_gridville, nicolae_gozag_zags_fifth_avenue
D:9:      layout_cave_pools, nemelex_xobeh_ov_fountains_minmay, serial_undead,
          serial_undead_e, serial_undead_b, serial_undead_e, serial_undead_a,
          serial_undead_a, serial_undead_e, serial_undead_c
Temple:   corrupted_temple
Ossuary:  ossuary_tomb_2

Skill      XL: |  1  2  3  4  5  6  7  8  9 10 |
---------------+-------------------------------+-----
Shields        | 3 4 5 6 7 8 9 |  9.1
Unarmed Combat | 3 4 5 6 8 10 | 10.5
Invocations    | 2 4 |  4.0
Fighting       | |  2.4
Dodging        | |  2.4

Action                   |  1- 3 |  4- 6 |  7- 9 | 10-12 || total
-------------------------+-------+-------+-------+-------++-------
Melee: Unarmed           |   123 |   175 |   349 |    67 ||   714
       Punch             |       |     2 |    15 |       ||    17
  Use: Scroll            |       |     8 |     2 |       ||    10
 Stab: Distracted        |     1 |       |       |       ||     1
       Sleeping          |     4 |     6 |    13 |       ||    23
  Eat: Chunk             |    12 |    14 |    31 |     5 ||    62
Armor: Robe              |    58 |    57 |    80 |    14 ||   209
Dodge: Dodged            |    62 |    91 |   138 |    20 ||   311
Block: Shield            |       |       |    32 |    54 ||    86

Table legend:
 A = Non-vault XP
 B = Vault XP
 C = Vault XP percentage of total XP
 D = Non-vault monster count
 E = Vault monster count
 F = Vault count percentage of total count
                 A         B        C        D         E       F
            +---------+---------+-------+---------+---------+-------
      Total |    5716 |    1602 |  21.9 |     185 |      42 |  18.5
            +---------+---------+-------+---------+---------+-------
        D:1 |      61 |       0 |   0.0 |      31 |       0 |   0.0
        D:2 |      86 |      40 |  31.7 |      31 |       2 |   6.1
        D:3 |     171 |       1 |   0.6 |      25 |       1 |   3.8
        D:4 |     778 |       0 |   0.0 |      30 |       0 |   0.0
        D:5 |     328 |     545 |  62.4 |      14 |       3 |  17.6
        D:6 |     783 |       0 |   0.0 |      21 |       0 |   0.0
        D:7 |    1234 |       0 |   0.0 |      11 |       0 |   0.0
        D:8 |    1959 |      56 |   2.8 |      19 |       1 |   5.0
        D:9 |     316 |     379 |  54.5 |       3 |       5 |  62.5
    Ossuary |       0 |     581 | 100.0 |       0 |      30 | 100.0
            +---------+---------+-------+---------+---------+-------
